 Dungeon Crawl Stone Soup version 0.31-a0-175-g9f7f995f2b (webtiles) character file.

Game seed: 7981912399929188180

75 qw the Chopper (level 4, 0/28 HPs)
             Began as a Gargoyle Fighter on June 16, 2023.
             Slain by an adder (3 damage)
             ... while paralysed by Grinder
             ... on level 3 of the Dungeon.
             The game lasted 00:01:04 (1909 turns).

qw the Chopper (Gargoyle Fighter)                   Turns: 1909, Time: 00:01:04

Health: 0/28       AC: 10    Str: 21    XL:     4   Next: 31%
Magic:  4/4        EV:  2    Int:  9    God:
Gold:   105        SH:  0    Dex:  9    Spells: 3/3 levels left

rFire   . . .        Y - +0 war axe
rCold   . . .        c - +0 buckler
rNeg    + . .        b - +0 scale mail
rPois   inf          (no helmet)
rElec   +            (no cloak)
rCorr   .            (no gloves)
SInv    .            (no boots)
Will    .....        f - amulet of the acrobat Stlth
                     (no ring)
HPRegen 0.24/turn    (no ring)
MPRegen 0.09/turn

%: acrobat
@: paralysed
A: sickness immunity, AC +3, negative energy resistance 1, electricity
resistance, torment resistance 1, petrification resistance
a: no special abilities


You were on level 3 of the Dungeon.
You visited 1 branch of the dungeon, and saw 3 of its levels.

You collected 105 gold pieces.


Innate Abilities, Weirdness & Mutations

You are immune to sickness and miasma.
Your stone body is resilient. (AC +3)
You are immune to poison.
You resist negative energy. (rN+)
You are resistant to electric shocks. (rElec)
You are resistant to unholy torment.
You are immune to petrification.


   Skills:
 - Level 3.2 Fighting
 + Level 4.0 Axes
 - Level 3.2 Armour
 - Level 3.2 Shields


You had 3 spell levels left.
You didn't know any spells.
Your spell library was empty.

Inventory:

Hand Weapons
 a - a +0 mace
 Y - a +0 war axe (weapon)
Armour
 b - a +0 scale mail (worn)
 c - a +0 buckler (worn)
Jewellery
 f - an amulet of the acrobat (around neck)
Scrolls
 e - a scroll of torment {unknown}
 i - a scroll of teleportation
Potions
 d - 3 potions of might
 g - a potion of haste {unknown}
 h - a potion of curing {unknown}
 k - a potion of mutation {unknown}

Dungeon Overview and Level Annotations

Branches:
Dungeon (3/15)

Altars:

Annotations:
D:3 Grinder


Message History

The adder barely misses you. Grinder hits you but does no damage.
The adder bites you but does no damage.
You slash Grinder!
Grinder is heavily wounded.
You closely miss the adder. The adder bites you but does no damage.
You block Grinder's attack. You block the bat's attack.
The adder barely misses you.
Grinder says, "Just stop there for a second..."
Grinder hits you.
You writhe in agony.
You hit Grinder but do no damage.
Grinder is heavily wounded.
You hit the adder but do no damage. You slash the bat!
You kill the bat!
The adder barely misses you. Grinder hits you but does no damage.
You closely miss Grinder.
Grinder is heavily wounded.
You closely miss the adder. The adder bites you but does no damage.
Grinder hits you but does no damage. The adder bites you.
You barely miss Grinder.
Grinder is heavily wounded.
You miss the adder. The adder barely misses you. Grinder gestures at you.
You suddenly lose the ability to move!
The adder bites you but does no damage. Grinder completely misses you.
The adder bites you.
Grinder blinks!
You can move again.
You barely miss the adder. The adder bites you but does no damage.
Grinder says, "Wait up."
The adder bites you but does no damage.
You completely miss the adder. The adder bites you but does no damage.
Grinder gestures at you.
You suddenly lose the ability to move!
The adder bites you.
Grinder blinks!
The adder bites you but does no damage. Grinder hits you.
The adder bites you but does no damage. The adder bites you. Grinder hits you.
The adder bites you.
You die...

### ### #.. ..# #.#
##### #.# #.#
##...###.#######
##.####...............
#............#S%......
#..##......ยค..@5......
###..########..#.#######
........# #.##.#
#.......# ####.#
#....##.# #.#
##......##+## ..#
#..###).)..# ### #..
##.##.# #.# #.# .#


You could see Grinder and an adder.

Vanquished Creatures
  An adder (D:2)
  3 orcs (D:3)
  9 bats
  8 endoplasms
  2 giant cockroaches (D:2)
  6 goblins
  4 hobgoblins
  3 jackals
  6 kobolds
  A quokka (D:2)
  8 ball pythons
  A frilled lizard (D:2)
  5 rats
57 creatures vanquished.

Notes
Turn   | Place    | Note
-------+----------+-------------------------------------------
     0 | D:1      | qw the Gargoyle Fighter began the quest for the Orb.
     0 | D:1      | Reached XP level 1. HP: 14/14 MP: 1/1
     0 | D:1      | 0 ||| qw: Version: 0.2-a-29-g511e9b1
     0 | D:1      | 0 ||| qw: Game counter: 5761
     0 | D:1      | 0 ||| qw: Always use a shield: true
     0 | D:1      | 0 ||| qw: God list: Okawaru
     0 | D:1      | 0 ||| qw: Allow faded altars: false
     0 | D:1      | 0 ||| qw: Do Orc after D:15 true
     0 | D:1      | 0 ||| qw: Do second Lair branch before Depths: true
     0 | D:1      | 0 ||| qw: Lair rune preference: random
     0 | D:1      | 0 ||| qw: Plans: Normal, Zot:1-4, Slime:5, God:TSO, Crypt,
                  | Tomb, Abyss, Pan, Hells, Win
     0 | D:1      | 0 ||| PLANNING D:1-11
    47 | D:1      | Reached skill level 2 in Axes
   234 | D:1      | 234 ||| Stepping ~*~*~tactically~*~*~ (stealth).
   244 | D:1      | Reached XP level 2. HP: 16/19 MP: 2/2
   287 | D:1      | Found a faded altar of an unknown god.
   899 | D:1      | 899 ||| DROPPING orb of energy.
   900 | D:1      | 900 ||| READING scroll labelled ATSICOVEOPH.
   901 | D:1      | 901 ||| READING scroll labelled XEMEMI POPNANG.
   945 | D:2      | 945 ||| DROPPING +0 whip.
   966 | D:2      | Reached skill level 3 in Axes
   978 | D:2      | Reached XP level 3. HP: 23/23 MP: 3/3
  1518 | D:2      | Reached XP level 4. HP: 28/28 MP: 4/4
  1608 | D:2      | 1608 ||| UPGRADING to amulet of the acrobat.
  1613 | D:2      | 1613 ||| DROPPING ring of wizardry.
  1614 | D:2      | 1614 ||| READING 2 scrolls labelled BISAHEJOYV.
  1615 | D:2      | 1615 ||| READING scroll labelled WYL QIENIELAGG.
  1616 | D:2      | 1616 ||| DROPPING scroll of immolation.
  1657 | D:3      | 1657 ||| Stepping ~*~*~tactically~*~*~ (stealth).
  1734 | D:3      | Reached skill level 4 in Axes
  1739 | D:3      | HP: 3/28 [orc priest/divine providence (11)]
  1740 | D:3      | 1740 ||| READING scroll of teleportation.
  1885 | D:3      | Noticed Grinder
  1894 | D:3      | Paralysed by Grinder for 5 turns
  1903 | D:3      | Paralysed by Grinder for 2 turns
  1906 | D:3      | Paralysed by Grinder for 5 turns
  1908 | D:3      | HP: 7/28 [Grinder (4)]
  1909 | D:3      | HP: 3/28 [Grinder (1)]
  1909 | D:3      | Slain by an adder

Levels and vault maps discovered:
D:1:      tarquinn_simple_flora_water_f, layout_loops_ring,
          shapermc_ecumenical_altar_gd, minivault_27
D:2:      layout_loops_ring, minmay_divided_ellipse
D:3:      cheibrodos_pilgrimage, layout_loops_ring, nzn_wu_jian_contemplation,
          minmay_ogre_servants, uniq_grinder

Skill      XL: |  1  2  3  4 |
---------------+-------------+-----
Axes           | 2 3 4 |  4.0
Fighting       | |  3.2
Armour         | |  3.2
Shields        | |  3.2

Action                     |  1- 3 |  4- 6 || total
---------------------------+-------+-------++-------
  Melee: War axe           |   161 |    51 ||   212
    Use: Scroll            |     2 |     3 ||     5
 Armour: Scale mail        |    96 |    37 ||   133
  Dodge: Dodged            |    97 |    28 ||   125
  Block: Buckler           |    45 |     9 ||    54

Table legend:
 A = Non-vault XP
 B = Vault XP
 C = Vault XP percentage of total XP
 D = Non-vault monster count
 E = Vault monster count
 F = Vault count percentage of total count
                 A         B        C        D         E       F
            +---------+---------+-------+---------+---------+-------
      Total |      71 |      37 |  34.3 |      42 |      15 |  26.3
            +---------+---------+-------+---------+---------+-------
        D:1 |      29 |       0 |   0.0 |      19 |       0 |   0.0
        D:2 |      26 |      31 |  54.4 |      14 |      13 |  48.1
        D:3 |      16 |       6 |  27.3 |       9 |       2 |  18.2
            +---------+---------+-------+---------+---------+-------
